AoeStats
← Ken

Arena

508643098Analyzed
4v4 RM · 8d ago on Sep 23, 2026· 46m 52s· 8 players
Game mode
Random Map
Map size
Large (8 player)
Population
200
Speed
Normal
Resources
Standard
Victory
Conquest
Starting age
Dark Age
Ending age
Imperial Age
RankedLock teamsTeams togetherTeam positionsShared explorationLock speedFull tech treeHidden civsTurbo modeCheats
Victory
Defeat
🇨🇳 Franks · China
1096
+14
🇹🇼 Khmer · Taiwan
1052
+16
🇯🇵 Portuguese · Japan
1051
+16
🇧🇩 Huns · Bangladesh
1042
+18
🇨🇳 Varangians · China
1122
-18
🇨🇳 Italians · China
1074
-17
🇺🇸 Spanish · United States
1028
-15
🇦🇷 Bohemians · Argentina
1007
-14
y_oshi
10:14 Feudal Age
9:23 Loom
12:31 Loom
15:24 Castle Age
13:39 Double-Bit Axe
14:00 Horse Collar
15:14 Stone Mining
23:42 Wheelbarrow
25:03 Bow Saw
24:54 Heavy Plow
24:47 Fletching
25:06 Gold Mining
30:10 Imperial Age
28:15 Padded Archer Armor
29:32 Stone Shaft Mining
29:23 Fortified Wall
29:29 Leather Archer Armor
30:15 Treadmill Crane
30:33 Bodkin Arrow
32:59 Chemistry
32:47 Crop Rotation
32:19 Bracer
33:24 Masonry
33:45 Ring Archer Armor
36:17 Thumb Ring
37:57 Two-Man Saw
37:14 Hand Cart
37:30 Elite Skirmisher
39:15 Scale Mail Armor
39:39 Arquebus
45:02 Siege Engineers
45:28 Architecture
44:54 Murder Holes
45:10 Forging
45:47 Scale Barding Armor
45:55 Bloodlines
45:45 Husbandry
46:10 Elite Organ Gun
47:11 Conscription
OAO
12:11 Feudal Age
12:13 Loom
13:37 Double-Bit Axe
13:45 Horse Collar
16:13 Castle Age
15:27 Wheelbarrow
17:08 Town Watch
18:14 Bow Saw
18:11 Heavy Plow
20:59 Gold Mining
23:05 Stone Mining
29:27 Imperial Age
27:01 Tusk Swords
27:54 Gold Shaft Mining
28:01 Stone Shaft Mining
27:51 Ballistics
27:27 Fletching
27:38 Padded Archer Armor
28:55 Hand Cart
28:49 Husbandry
28:59 Bloodlines
29:15 Leather Archer Armor
28:58 Bodkin Arrow
30:40 Conscription
30:23 Bracer
31:15 Elite Ballista Elephant
31:39 Elite Ballista Elephant
32:36 Leather Archer Armor
33:31 Chemistry
33:59 Scale Barding Armor
34:05 Forging
33:33 Elite Battle Elephant
34:28 Murder Holes
34:44 Masonry
36:18 Chain Barding Armor
36:34 Iron Casting
40:31 Chain Barding Armor
42:08 Ring Archer Armor
42:58 Double Crossbow
43:58 Siege Engineers
44:15 Caravan
Ken
11:15 Feudal Age
14:59 Castle Age
13:07 Double-Bit Axe
16:19 Bow Saw
19:11 Loom
22:42 Wheelbarrow
29:58 Imperial Age
28:18 Hand Cart
28:05 Husbandry
28:12 Gold Mining
28:14 Stone Mining
29:45 Scale Barding Armor
29:51 Forging
30:35 Gold Shaft Mining
30:21 Cavalier
30:53 Treadmill Crane
31:09 Murder Holes
31:52 Iron Casting
32:39 Conscription
32:58 Chain Barding Armor
34:05 Blast Furnace
33:12 Fletching
33:23 Scale Mail Armor
33:23 Padded Archer Armor
34:26 Chemistry
33:47 Ballistics
33:37 Fortified Wall
35:12 Plate Barding Armor
34:26 Paladin
35:37 Caravan
35:58 Chivalry
36:22 Ordonnance Companies
38:15 Chain Mail Armor
38:15 Leather Archer Armor
37:56 Bodkin Arrow
41:38 Plate Mail Armor
40:40 Elite Throwing Axeman
HIT_007
10:57 Feudal Age
11:27 Horse Collar
11:54 Horse Collar
15:02 Castle Age
15:05 Double-Bit Axe
16:19 Heavy Plow
16:59 Bow Saw
18:03 Loom
25:00 Gold Mining
25:01 Stone Mining
29:13 Imperial Age
27:54 Wheelbarrow
27:08 Town Watch
28:45 Bloodlines
28:36 Husbandry
28:29 Fletching
29:27 Thumb Ring
29:21 Bodkin Arrow
29:27 Padded Archer Armor
30:22 Ballistics
30:32 Parthian Tactics
30:59 Bracer
31:15 Leather Archer Armor
32:31 Gold Shaft Mining
32:58 Two-Man Saw
33:51 Chemistry
33:04 Heavy Cavalry Archer
39:03 Hand Cart
41:13 Town Patrol
41:27 Forging
46:21 Conscription
Khmer Kardashian
9:38 Feudal Age
14:20 Castle Age
12:46 Double-Bit Axe
13:46 Horse Collar
18:59 Heavy Plow
21:07 Wheelbarrow
21:59 Stone Mining
28:01 Imperial Age
25:17 Town Watch
25:18 Loom
27:54 Fletching
28:18 Squires
29:07 Bow Saw
29:28 Forging
29:13 Bodkin Arrow
31:00 Chemistry
30:36 Conscription
31:40 Ballistics
31:17 Murder Holes
31:26 Pikeman
32:47 Padded Archer Armor
33:30 Block Printing
33:27 Fervor
33:17 Elite Skirmisher
34:33 Hand Cart
34:22 Town Patrol
34:27 Scale Mail Armor
35:23 Capped Ram
36:41 Halberdier
39:34 Masonry
41:58 Two-Man Saw
41:36 Caravan
Sobelix
10:50 Feudal Age
11:46 Double-Bit Axe
15:30 Castle Age
16:21 Bow Saw
17:55 Wheelbarrow
17:43 Fervor
19:21 Loom
22:20 Horse Collar
24:16 Town Watch
26:19 Heavy Plow
29:25 Imperial Age
27:19 Squires
28:34 Hand Cart
27:48 Pikeman
29:59 Chemistry
29:10 Arson
29:50 Masonry
30:39 Conscription
31:37 Two-Man Saw
30:40 Scale Mail Armor
30:51 Forging
34:28 Siege Engineers
34:14 Fletching
34:40 Chain Mail Armor
35:01 Iron Casting
35:13 Halberdier
36:48 Plate Mail Armor
38:14 Blast Furnace
42:34 Bodkin Arrow
42:40 Padded Archer Armor
强悍小牛牛
10:29 Feudal Age
13:03 Double-Bit Axe
15:53 Castle Age
13:38 Horse Collar
15:13 Stone Mining
17:29 Heavy Plow
19:59 Wheelbarrow
19:29 Town Watch
20:19 Bow Saw
23:56 Gold Mining
29:29 Imperial Age
27:06 Fletching
27:16 Padded Archer Armor
28:01 Loom
28:35 Bodkin Arrow
29:37 Stone Shaft Mining
29:20 Hand Cart
29:30 Fortified Wall
29:33 Masonry
30:19 Leather Archer Armor
31:56 Two-Man Saw
32:09 Ring Archer Armor
32:35 Conscription
32:28 Thumb Ring
33:49 Chemistry
33:09 Ballistics
34:09 Bracer
34:21 Forging
34:40 Fortified Wall
39:05 Squires
38:51 Arson
39:58 Iron Casting
39:24 Scale Mail Armor
43:00 Blast Furnace
42:15 Chain Mail Armor
41:45 Treadmill Crane
41:37 Elite Genoese Crossbowman
42:56 Pirotechnia
45:22 Plate Mail Armor
zhenyy
10:02 Feudal Age
13:55 Castle Age
12:49 Double-Bit Axe
12:46 Horse Collar
15:03 Bow Saw
19:31 Wheelbarrow
18:46 Loom
23:30 Hand Cart
26:51 Pikeman
27:32 Squires
30:41 Imperial Age
29:45 Forging
29:36 Scale Mail Armor
30:31 Heavy Plow
30:48 Arson
30:55 Halberdier
31:29 Town Watch
31:44 Capped Ram
33:48 Iron Casting
33:28 Chain Mail Armor
34:21 Elite Varangian Guard
35:29 Conscription
34:37 Gothikon
35:30 Caravan
37:07 Blast Furnace
36:37 Plate Mail Armor
36:37 Siege Ram
40:47 Fletching
40:57 Padded Archer Armor
40:20 Elite Jarl
41:30 Elite Skirmisher
43:35 Bodkin Arrow
43:55 Leather Archer Armor
44:17 Bracer
44:43 Ballistics
45:23 Chemistry
Connection lost

Rejoining the realm…

Still unreachable

The connection could not be restored.

Session expired

The server has moved on; the page needs a fresh start.